 Dungeon Crawl Stone Soup version 0.29.1-13-g9f3cf754e1 (webtiles) character file.

Game seed: 1101262847637452697

11 Matchingsocks the Ruffian (level 2, 23/23 HPs)
             Began as a Draconian Transmuter on Feb 2, 2023.
             Got out of the dungeon alive.
             The game lasted 00:09:16 (909 turns).

Matchingsocks the Ruffian (Draconian Transmuter)     Turns: 909, Time: 00:09:16

Health: 23/23      AC:  4    Str: 12    XL:     2   Next: 17%
Magic:  5/5        EV: 12    Int: 13    God:
Gold:   58         SH:  0    Dex: 11    Spells: 4/5 levels left

rFire   . . .      SeeInvis .     - Unarmed
rCold   . . .      Faith    .   (no shield)
rNeg    . . .      Spirit   .   (body armour unavailable)
rPois   .          Reflect  .   (helmet restricted)
rElec   .          Harm     .   (no cloak)
rCorr   .          Rampage  .   (no gloves)
Will    .....                   (no boots)
Stlth   +.........              (no amulet)
HPRegen 0.07/turn               (no ring)
MPRegen 0.09/turn               (no ring)

@: no status effects
A: AC +4, unfitting armour, cold-blooded
a: no special abilities


You escaped.
You visited 1 branch of the dungeon, and saw 1 of its levels.

You collected 58 gold pieces.

Inventory:

Missiles
 d - 7 stones (quivered)
Scrolls
 b - a scroll of identify {unknown}
 g - a scroll of enchant weapon {unknown}
Potions
 a - 2 potions of lignification
 c - a potion of mutation {unknown}
 e - a potion of curing {unknown}
 f - a potion of heal wounds {unknown}


   Skills:
 + Level 1.1 Fighting
 - Level 1.7 Dodging
 + Level 3.4 Unarmed Combat
 - Level 2.0 Spellcasting
 - Level 2.3 Transmutations


You had 4 spell levels left.
You knew the following spells:

 Your Spells              Type           Power      Damage    Failure   Level
a - Beastly Appendage     Tmut           14%        N/A       10%         1

Your spell library contained the following spells:

 Spells                   Type           Power      Damage    Failure   Level
 Wereblood                Tmut           7%         N/A       16%         2
 Spider Form              Tmut/Pois      4%         N/A       43%         3
 Ice Form                 Ice/Tmut       4%         N/A       85%         4


Dungeon Overview and Level Annotations

Branches:
Dungeon (1/15)

Altars:

Shops:
D:1 (


Innate Abilities, Weirdness & Mutations

Your plain brown scales are hard. (AC +4)
You cannot fit into any form of body armour.
You are cold-blooded and may be slowed by cold attacks.


Message History

The endoplasm misses you.
You hit the endoplasm. You tail-slap the endoplasm.
You kill the endoplasm!
You completely miss the ball python.
Your tail-slap misses the ball python.
The ball python misses you. x2
You hit the ball python.
You kill the ball python!
Your transformation is almost over.
You see here a ball python corpse.
Your horns disappear.
Your talons disappear.
g - a scroll labelled BOIGRE PIOTH
a - 2 potions of lignification (gained 1)
d - 7 stones (gained 6)
Found a sling.
A ball python comes into view.
A ball python is nearby!
Unknown command.
You can't go down here!
Press: ? - help, v - describe, . - travel The floor.
Press: ? - help, . - travel You can't see that place. [a stone staircase leading down.]
There is a stone staircase leading down here.
Press: ? - help, . - travel You can't see that place. [the floor.]
Press: ? - help, . - travel You can't see that place. [the floor.]
Press: ? - help, v - describe, . - travel A staircase leading out of the dungeon.
You enter the shallow water.
Moving in this stuff is going to be slow.
There is a large open door here.
There is a staircase leading out of the dungeon here.
Are you sure you want to leave the Dungeon?
This will make you lose the game!
Alright, then stay!
Are you sure you want to leave the Dungeon?
This will make you lose the game!
You have escaped!

.#######.##.#...# #.#.#
.#..........#.#####.#.#
.#.#####............#.#
.#.#.......~~~≈≈≈≈~~~.#
.#.#.###...~8~~≈≈~~8~.#
.#.# ##..~~8~~~~8~~.# .#.#
#..≈~~####~~≈.##### .#.#
#..≈≈~'..#~≈≈.....# .#.#
#..≈≈~'.@#~≈≈####.# ##.#
#..≈~~####~~≈# #.# ...#
......~~8~~~~8~~####.######
####
###...~8~~≈≈~~8~..........#
#.#.~~~≈≈≈≈~~~..........# #
#.#..#########..........#
#### #
##..##....######.######
...#####.###.##....# #.#
.........# #.##....# #.#


There were no monsters in sight!

Vanquished Creatures
  3 ball pythons (D:1)
  An endoplasm (D:1)
  A goblin (D:1)
  2 hobgoblins (D:1)
  A kobold (D:1)
  A quokka (D:1)
  A frilled lizard (D:1)
10 creatures vanquished.

Notes
Turn   | Place    | Note
-------+----------+-------------------------------------------
     0 | D:1      | Matchingsocks the Draconian Transmuter began the quest for
                  | the Orb.
     0 | D:1      | Reached XP level 1. HP: 16/16 MP: 3/3
   168 | D:1      | Found Tusise's Weapon Shoppe.
   518 | D:1      | Reached XP level 2. HP: 23/23 MP: 3/5
   909 | D:$      | Got out of the dungeon alive.

Illustrated notes

Levels and vault maps discovered:
D:1:      lightli_arrival_boilingwater, layout_basic, serial_shops,
          nicolae_shop_behind_doors, minmay_close_crescents

Action                   || total
-------------------------++-------
Melee: Unarmed           ||    27
       Kick              ||     3
       Tailslap          ||     3
Throw: Stone             ||     3
 Cast: Beastly Appendage ||     5
Armor: Skin              ||     3
Dodge: Dodged            ||    15
